 Dungeon Crawl Stone Soup version 0.20.0-15-g7f486f2 (webtiles) character file.

2340 greprep the Scholar of Death (level 9, -1/74 HPs)
             Began as a Hill Orc Necromancer on June 20, 2017.
             Was a Follower of Kikubaaqudgha.
             Slain by an orc warrior
             ... wielding a +0 dire flail
              (18 damage)
             ... on level 7 of the Dungeon.
             The game lasted 00:22:20 (12523 turns).

greprep the Scholar of Death (HONe)                Turns: 12523, Time: 00:22:21

Health: -1/74      AC:  3    Str: 11    XL:     9   Next: 43%
Magic:  1/15       EV: 13    Int: 18    God:    Kikubaaqudgha [*.....]
Gold:   300        SH:  0    Dex: 11    Spells: 6/17 levels left

rFire    . . .     SeeInvis .   v - +1 flail (holy)
rCold    . . .     Gourm    .   (no shield)
rNeg     . . .     Faith    .   a - +0 robe
rPois    .         Spirit   .   (no helmet)
rElec    .         Reflect  .   (no cloak)
rCorr    .         Harm     .   (no gloves)
MR       .....                  f - +0 pair of boots
Stlth    +.........             (no amulet)
Regen    0.3/turn               (no ring)
MPRegen  0.2/turn               (no ring)

@: drained
A: no striking features
a: Receive Corpses, Renounce Religion


You were on level 7 of the Dungeon.
You worshipped Kikubaaqudgha.
Kikubaaqudgha was aware of your devotion.
You were not hungry.

You visited 2 branches of the dungeon, and saw 8 of its levels.

You collected 300 gold pieces.

Inventory:

Hand Weapons
 v - a +1 flail of holy wrath (weapon)
Armour
 a - a +0 robe (worn)
 f - a +0 pair of boots (worn)
Jewellery
 e - a +2 ring of strength {unknown}
 E - an uncursed amulet of regeneration {unknown}
Wands
 i - a wand of digging (11/24)
 y - a wand of clouds (3/9)
 z - a wand of iceblast (7/15)
 D - a wand of random effects (15/48)
Scrolls
 k - a scroll of enchant armour {unknown}
 m - 5 scrolls of remove curse
 n - 4 scrolls of teleportation {unknown}
 o - a scroll of magic mapping {unknown}
 p - 2 scrolls of amnesia
 q - 5 scrolls of identify
 s - a scroll of random uselessness {unknown}
 F - 2 scrolls of recharging
Potions
 d - 2 potions of magic {unknown}
 g - a potion of ambrosia {unknown}
 h - a potion of flight
 j - a potion of resistance {unknown}
 r - a potion of lignification {unknown}
 t - 3 potions of agility {unknown}
 u - a potion of brilliance {unknown}
 x - a potion of haste {unknown}
 A - a potion of invisibility {unknown}
 C - 2 potions of degeneration {unknown}
Books
 b - a book of Necromancy

   Spells                             Type                      Level
   a - Pain                           Necromancy                   1
   b - Animate Skeleton               Necromancy                   1
   c - Vampiric Draining              Necromancy                   3
   d - Regeneration                   Charms/Necromancy            3
   e - Animate Dead                   Necromancy                   4
   f - Control Undead                 Necromancy                   4
 l - Kikubaaqudgha's Grimoire of Evil
   (Kikubaaqudgha gifted it to you on level 5 of the Dungeon)

   Spells                             Type                      Level
   a - Animate Skeleton               Necromancy                   1
   b - Corpse Rot                     Necromancy                   2
   c - Sublimation of Blood           Necromancy                   2
   d - Regeneration                   Charms/Necromancy            3
   e - Control Undead                 Necromancy                   4
Comestibles
 c - 2 bread rations
 w - 2 meat rations
 B - 2 fruits
 G - a royal jelly


   Skills:
 + Level 5.5(4.4) Fighting
 + Level 6.7(5.5) Maces & Flails
 + Level 4.2(3.1) Dodging
 - Level 1.5(0.5) Stealth
 + Level 4.5(3.4) Spellcasting
 + Level 0.1(0.0) Charms
 + Level 7.2(6.0) Necromancy


You had 6 spell levels left.
You knew the following spells:

 Your Spells              Type           Power        Failure   Level  Hunger
a - Pain                  Necr           ###.         1%          1    None
b - Vampiric Draining     Necr           ###.......   3%          3    ###....
c - Control Undead        Necr           ###.......   13%         4    ####...
d - Regeneration          Chrm/Necr      ##........   14%         3    ###....


Dungeon Overview and Level Annotations

Branches:
Dungeon (7/15)             Temple (1/1) D:5

Altars:
Ashenzari
Cheibriados
Dithmenos
Kikubaaqudgha
Makhleb
Nemelex Xobeh
Okawaru
Qazlal
Ru
Sif Muna
Trog
Uskayaw
Vehumet
Xom
Yredelemnul
The Shining One

Shops:
D:4 =


Message History

Confirm with . or Enter, or press ? or * to list all spells.
Aiming: Vampiric Draining
Press: ? - help, Shift-Dir - straight line, f/p - orc warrior
Aim: an orc warrior, wielding a dire flail and wearing a plate armour (heavily wounded)
The orc warrior is almost dead.
You feel life coursing into your body. The orc warrior closely misses you.
Unknown command.
Okay, then.
You hit the orc warrior but do no damage.
The orc warrior is almost dead.
The orc warrior barely misses you.
You hit the orc warrior but do no damage.
The orc warrior is almost dead.
The orc warrior misses you.
You closely miss the orc warrior.
The orc warrior is almost dead.
The orc wizard looks satisfied for a moment.
The orc warrior hits you with a dire flail!!
You die...
Kikubaaqudgha rasps: "You have failed me!
Welcome... death!"

### .... .....
......############
......oo@........##..
#####.)#####.........
#.. #.###.....
#..#####.# ....
.......#.# .# #.
.##.#.....# #.# #.
###.#.### #.#.+ # #.#
#.#.# #.# #.#.#


You could see an orc warrior and an orc wizard.

Vanquished Creatures
  Pikel (D:4)
  Grinder (D:6)
  Sigmund (D:4)
  A phantom (D:6)
  An ogre (D:5)
  A centaur (D:5)
  Blork the orc (D:6)
  A big kobold (D:3)
  2 bullfrogs
  2 scorpions
  The ghost of Quirk the Skirmisher, a weakling DsFi (D:3)
  3 wights (D:6)
  2 crimson imps (D:6)
  4 hounds
  3 jellies
  2 orc priests
  2 iguanas
  Natasha (twice) (D:4)
  3 worker ants
  7 gnolls
  10 adders
  2 shadow imps
  3 oozes
  2 adder skeletons (D:6)
  An adder zombie (D:6)
  A worm (D:3)
  3 leopard geckos (D:3)
  9 orcs
  4 ball pythons
  5 giant cockroaches
  12 goblins
  4 hobgoblins
  13 jackals
  5 quokkas
  11 bats
  3 frilled lizards
  2 kobolds
  A quokka skeleton (D:6)
  A quokka zombie (D:5)
  6 rats
139 creatures vanquished.

Vanquished Creatures (collateral kills)
  A wight (D:6)
1 creature vanquished.

Vanquished Creatures (others)
  A slave (D:4)
  Natasha (D:4)
  A worker ant (D:4)
  An adder (D:3)
4 creatures vanquished.

Grand Total: 144 creatures vanquished

Notes
Turn   | Place    | Note
-------+----------+-------------------------------------------
     0 | D:1      | greprep the Hill Orc Necromancer began the quest for the Orb.
     0 | D:1      | Reached XP level 1. HP: 14/14 MP: 3/3
   508 | D:1      | Reached XP level 2. HP: 20/20 MP: 4/4
  1086 | D:1      | Reached XP level 3. HP: 25/26 MP: 5/5
  1190 | D:2      | Learned a level 3 spell: Vampiric Draining
  1392 | D:2      | Reached skill level 5 in Necromancy
  2040 | D:2      | Reached XP level 4. HP: 31/34 MP: 6/6
  2409 | D:3      | Found a bloodstained altar of Trog.
  2541 | D:3      | Reached skill level 1 in Maces & Flails
  2565 | D:3      | Noticed Quirk's ghost (weakling DsFi)
  2624 | D:3      | Killed Quirk's ghost
  2624 | D:3      | Reached skill level 1 in Fighting
  2624 | D:3      | Reached XP level 5. HP: 29/40 MP: 6/8
  2630 | D:3      | Learned a level 4 spell: Control Undead
  4429 | D:3      | Noticed a big kobold
  4441 | D:3      | Killed a big kobold
  4441 | D:3      | Reached XP level 6. HP: 43/48 MP: 1/9
  5020 | D:4      | You fall through a shaft!
  5020 | D:5      | Entered Level 5 of the Dungeon
  5097 | D:4      | Noticed Natasha
  5106 | D:4      | Killed Natasha
  5212 | D:4      | Noticed Sigmund
  5218 | D:4      | Killed Sigmund
  5218 | D:4      | Reached XP level 7. HP: 40/56 MP: 3/10
  6151 | D:4      | Found Moank's Jewellery Emporium.
  6372 | D:4      | Noticed Pikel
  6385 | D:4      | Killed Pikel
  6385 | D:4      | Reached skill level 5 in Maces & Flails
  6385 | D:4      | Reached XP level 8. HP: 29/66 MP: 0/12
  6694 | D:4      | Noticed Natasha
  6700 | D:4      | Killed Natasha
  6700 | D:4      | Reached skill level 6 in Necromancy
  6745 | D:4      | Killed Natasha
  8460 | D:5      | Found a staircase to the Ecumenical Temple.
  8645 | Temple   | Entered the Ecumenical Temple
  9119 | D:5      | Found an ancient bone altar of Kikubaaqudgha.
  9153 | D:5      | Became a worshipper of Kikubaaqudgha
  9184 | D:5      | Found an iron altar of Okawaru.
  9942 | D:6      | Noticed Grinder
  9953 | D:6      | Paralysed by Grinder for 5 turns
  9965 | D:6      | Paralysed by Grinder for 3 turns
  9968 | D:6      | Killed Grinder
 10355 | D:6      | Reached XP level 9. HP: 68/73 MP: 15/15
 10688 | D:6      | Noticed Blork the orc
 10705 | D:6      | Killed Blork the orc
 10705 | D:6      | Reached skill level 5 in Fighting
 10863 | D:6      | Learned a level 3 spell: Regeneration
 11139 | D:6      | Found a shattered altar of Ashenzari.
 11260 | D:6      | HP: 2/74 [ogre/giant club (18)]
 11378 | D:5      | Reached * piety under Kikubaaqudgha
 11378 | D:5      | Identified Kikubaaqudgha's Grimoire of Evil (Kikubaaqudgha gifted it to you on level 5 of the Dungeon)
 11378 | D:5      | Received a gift from Kikubaaqudgha
 11860 | D:6      | Reached skill level 7 in Necromancy
 12523 | D:7      | Slain by an orc warrior

Skill      XL: |  1  2  3  4  5  6  7  8  9 |
---------------+----------------------------+-----
Necromancy     | 5 6 7 |  7.2
Maces & Flails | 1 3 4 5 6 |  6.7
Dodging        | 2 3 4 |  4.2
Fighting       | 1 2 4 5 |  5.5
Spellcasting   | 2 3 4 |  4.5
Stealth        | |  1.5
Charms         | |  0.1

Action                   |  1- 3 |  4- 6 |  7- 9 || total
-------------------------+-------+-------+-------++-------
Melee: Whip              |    86 |    98 |       ||   184
       Unarmed           |     2 |       |       ||     2
       Flail             |       |    47 |   289 ||   336
 Cast: Pain              |     3 |     1 |     9 ||    13
       Vampiric Draining |     2 |     8 |    49 ||    59
       Regeneration      |       |       |     3 ||     3
       Control Undead    |       |       |     2 ||     2
  Use: Scroll            |     4 |       |     3 ||     7
       Potion            |     2 |     1 |     3 ||     6
 Stab: Sleeping          |     2 |     4 |     6 ||    12
       Distracted        |       |       |     1 ||     1
  Eat: Chunk             |     3 |     7 |     8 ||    18
       Meat ration       |       |     1 |       ||     1
       Bread ration      |       |       |     4 ||     4
       Royal jelly       |       |       |     1 ||     1
       Fruit             |       |       |     1 ||     1
Armor: Robe              |    19 |    26 |    40 ||    85
Dodge: Dodged            |    71 |    95 |   234 ||   400
